AoeStats
← redoubz

Arabia

509553428Analyzed
3v3 RM · 7d ago on Sep 27, 2026· 30m 56s· 6 players
Game mode
Random Map
Map size
Normal (6 player)
Population
200
Speed
Normal
Resources
Standard
Victory
Conquest
Starting age
Dark Age
Ending age
Imperial Age
RankedLock teamsTeams togetherTeam positionsShared explorationLock speedFull tech treeHidden civsTurbo modeCheats
Victory
Defeat
🇲🇽 Varangians · Mexico
941
+15
🇨🇳 Bulgarians · China
875
+31
🇨🇦 Danes · Canada
872
+18
🇨🇱 Cumans · Chile
931
-18
930
-17
🇨🇱 Ethiopians · Chile
886
-16
Seguidor de voldo n1
11:25 Feudal Age
9:42 Loom
9:54 Loom
11:40 Feudal Age
14:20 Double-Bit Axe
15:27 Horse Collar
25:06 Castle Age
Führer Voldo
4:15 Loom
9:53 Feudal Age
10:40 Double-Bit Axe
14:28 Fletching
16:29 Horse Collar
20:23 Padded Archer Armor
23:41 Castle Age
21:40 Gold Mining
23:42 Crossbowman
24:28 Thumb Ring
24:19 Bodkin Arrow
24:40 Leather Archer Armor
24:48 Bow Saw
24:46 Heavy Plow
25:55 Ballistics
26:20 Wheelbarrow
26:53 Gold Shaft Mining
28:08 Hand Cart
30:24 Town Watch
lacayo de voldo bahamondes
9:09 Loom
11:32 Feudal Age
12:28 Man-at-Arms
16:09 Scale Mail Armor
16:42 Forging
23:45 Wheelbarrow
26:55 Castle Age
27:03 Long Swordsman
28:04 Chain Mail Armor
28:47 Squires
NordicPain
0:39 Loom
10:16 Feudal Age
16:57 Castle Age
15:41 Double-Bit Axe
17:20 Horse Collar
19:27 Light Cavalry
20:42 Bloodlines
21:43 Husbandry
24:50 Forging
28:04 Bow Saw
29:13 Scale Barding Armor
29:35 Heavy Plow
31:36 Chain Barding Armor
redoubz
10:10 Feudal Age
8:38 Loom
10:15 Man-at-Arms
11:07 Horse Collar
11:14 Double-Bit Axe
20:03 Fletching
20:14 Padded Archer Armor
25:56 Castle Age
25:05 Arson
25:45 Forging
25:36 Scale Mail Armor
27:08 Wheelbarrow
26:19 Town Watch
26:24 Long Swordsman
26:44 Elite Skirmisher
27:21 Gambesons
28:12 Bodkin Arrow
29:10 Squires
3690186292
7:36 Loom
10:18 Feudal Age
10:44 Double-Bit Axe
10:45 Horse Collar
17:22 Fletching
22:55 Castle Age
24:58 Bow Saw
24:49 Heavy Plow
25:38 Forging
25:37 Scale Barding Armor
25:34 Gold Mining
29:26 Wheelbarrow
28:54 Scale Mail Armor
28:52 Stone Mining
Connection lost

Rejoining the realm…

Still unreachable

The connection could not be restored.

Session expired

The server has moved on; the page needs a fresh start.